 Dungeon Crawl Stone Soup version 0.17-a0-1442-g10bb59b (webtiles) character file.

39 HEYYEYAAE the Gusty (level 3, 0/26 HPs)
             Began as a Human Air Elementalist on June 27, 2015.
             Slain by an adder (4 damage)
             ... on level 3 of the Dungeon.
             The game lasted 00:02:51 (1433 turns).

HEYYEYAAE the Gusty (Human Air Elementalist)        Turns: 1433, Time: 00:02:52

Health: 0/26       AC:  5    Str:  8    XL:     3   Next: 67%
Magic:  1/6        EV: 10    Int: 16    God:
Gold:   105        SH:  0    Dex: 13    Spells: 1 memorised, 5 levels left

rFire  . . .     SeeInvis .     o - +0 short sword
rCold  . . .     Clarity  .     d - +0 ring mail
rNeg   . . .     SustAt   +     (no shield)
rPois  .         Gourm    .     (no helmet)
rElec  .         Spirit   .     (no cloak)
rCorr  .         Warding  .     (no gloves)
rMut   .         Stasis   .     (no boots)
MR     .....                    (no amulet)
Stlth  +.........               (no ring)
                                k - ring of sustain attributes

@: very slightly contaminated, not resistant to hostile enchantments, very
unstealthy
A: no striking features
a: no special abilities


You were on level 3 of the Dungeon.
You were hungry.

You visited 1 branch of the dungeon, and saw 3 of its levels.

You collected 105 gold pieces.

Inventory:

Hand weapons
 j - a -2 dagger
 o - a +0 short sword (weapon)
Armour
 a - a +0 robe
 d - a +0 ring mail (worn)
Jewellery
 k - a ring of sustain attributes (left hand)
Scrolls
 f - 2 scrolls of teleportation
 h - a scroll of identify
 n - a scroll of fear {unknown}
 p - a scroll of enchant armour {unknown}
Potions
 e - a potion of flight {unknown}
 i - a potion of heal wounds {unknown}
 l - 2 potions of poison {unknown}
 m - a potion of curing {unknown}
Books
 b - a book of Air

   Spells                             Type                      Level
   a - Shock                          Conjuration/Air              1
   b - Swiftness                      Charms/Air                   2
   c - Repel Missiles                 Charms/Air                   2
   d - Static Discharge               Conjuration/Air              3
   e - Lightning Bolt                 Conjuration/Air              5
Comestibles
 c - 2 bread rations
 g - a beef jerky


   Skills:
 + Level 1.0 Fighting
 + Level 1.2 Armour
 + Level 2.4 Dodging
 - Level 2.0 Stealth
 * Level 2.2 Spellcasting
 - Level 1.0 Conjurations
 * Level 3.3 Air Magic


You had 5 spell levels left.
You knew the following spells:

 Your Spells              Type           Power        Failure   Level  Hunger
a - Shock                 Conj/Air       #...         28%         1    #......


Dungeon Overview and Level Annotations

Branches:
Dungeon (3/15)

Altars:


Message History

The adder bites you.
* * * LOW HITPOINT WARNING * * *
You miss the adder.
The adder is severely wounded.
The adder closely misses you. The adder bites you but does no damage.
You closely miss the adder.
The adder is severely wounded.
The adder barely misses you.
You miss the adder.
The adder is severely wounded.
The adder barely misses you. The adder bites you but does no damage.
You barely miss the adder.
The adder is severely wounded.
The adder bites you but does no damage.
You miss the adder.
The adder is severely wounded.
The adder bites you.
* * * LOW HITPOINT WARNING * * *
The adder bites you.
You die...

#.......#
#.......#
##.......#
........#
........#
#.....(.#
#.S.....# #@#
#.#
.##.##.#######
#.............#
####.###.#.##.#
#.###....#
#...<.#......
#####.####.##
#.# .#


You could see an adder.

Vanquished Creatures
  An adder (D:2)
  A giant gecko (D:1)
  3 giant cockroaches (D:1)
  A goblin (D:2)
  5 hobgoblins
  4 jackals (D:2)
  4 kobolds
  A quokka (D:2)
  4 bats
  A giant newt (D:1)
  A rat (D:1)
26 creatures vanquished.

Notes
Turn   | Place    | Note
--------------------------------------------------------------
     0 | D:1      | HEYYEYAAE the Human Air Elementalist began the quest for the Orb.
     0 | D:1      | Reached XP level 1. HP: 13/13 MP: 3/3
   184 | D:1      | Reached XP level 2. HP: 10/20 MP: 3/5
   697 | D:2      | Reached skill level 1 in Armour
   741 | D:2      | Reached XP level 3. HP: 20/25 MP: 0/6
  1209 | D:2      | Reached skill level 1 in Fighting
  1433 | D:3      | Slain by an adder

Vault maps used:
D:1:      dpeg_arrival_tiny_a
D:2:      gammafunk_temple_overflow_statue, serial_forest,
          infiniplex_forest_lined_room_2, infiniplex_forest_clump_double,
          infiniplex_forest_lined_room_2, infiniplex_forest_straight_4,
          infiniplex_forest_clump_tiny, infiniplex_forest_lined_3,
          infiniplex_forest_corner_1
D:3:      grunt_ministairs_12, nrook_mini_backslash, kennysheep_minor_cross,
          uniq_iyjb

Action                   || total
-------------------------++-------
Melee: Unarmed           ||    52
       Dagger            ||    41
       Short sword       ||    51
 Cast: Shock             ||    44
  Use: Scroll            ||     3
  Eat: Chunk             ||     2
